 Dungeon Crawl Stone Soup version 0.29-a0-598-gd8304a5bf4 (webtiles) character file.

Game seed: 12028983021683222832

172 testman the Skirmisher (level 6, 0/56 HPs)
             Began as a Meteoran Fighter on June 15, 2022.
             Succumbed to a killer bee's poison
             ... on level 4 of the Dungeon.
             The game lasted 00:07:02 (982 turns).

testman the Skirmisher (Meteoran Fighter)            Turns: 982, Time: 00:07:03

Health: 0/56       AC:  6    Str: 19    XL:     6   Next: 10%
Magic:  7/7        EV: 10    Int: 11    God:
Gold:   90         SH:  5    Dex: 13    Spells: 5/5 levels left

rFire   . . .      SeeInvis .   a - +0 war axe
rCold   . . .      Faith    .   c - +0 buckler
rNeg    . . .      Spirit   .   w - +3 leather armour {rPois}
rPois   +          Reflect  .   (helmet restricted)
rElec   .          Harm     .   (no cloak)
rCorr   +          Rampage  .   (no gloves)
Will    .....                   (no boots)
Stlth   +.........              (no amulet)
HPRegen 0.18/turn               r - ring of resist corrosion
MPRegen 0.10/turn               (no ring)

@: lethally poisoned (0 -> -2), glowing
A: sense surroundings 1, otherworldly, glowing, explore regen, claws 1, horns 1,
subdued magic 1
a: no special abilities


You were on level 4 of the Dungeon.
You visited 1 branch of the dungeon, and saw 5 of its levels.

You collected 90 gold pieces.

Inventory:

Hand Weapons
 a - a +0 war axe (weapon)
Missiles
 n - 5 javelins (quivered)
 x - 5 poisoned darts
Armour
 b - a +0 scale mail
 c - a +0 buckler (worn)
 d - a +0 helmet
 w - a +3 leather armour of poison resistance (worn)
Jewellery
 r - a ring of resist corrosion (left claw)
Wands
 g - a wand of paralysis (8)
 v - a wand of flame (10)
Scrolls
 e - 3 scrolls of blinking {unknown}
 f - 3 scrolls of immolation {unknown}
 h - a scroll of brand weapon {unknown}
 k - a scroll of teleportation {unknown}
 m - a scroll of noise {unknown}
 o - a scroll of enchant weapon {unknown}
 q - 2 scrolls of summoning {unknown}
 u - a scroll of identify {unknown}
Potions
 l - a potion of invisibility {unknown}
 p - a potion of berserk rage {unknown}
 s - a potion of haste {unknown}
 t - a potion of brilliance {unknown}


   Skills:
 + Level 5.0 Fighting
 + Level 4.7 Axes
 - Level 4.0 Armour
 - Level 4.0 Shields


You had 5 spell levels left.
You didn't know any spells.
Your spell library contained the following spells:

 Spells                   Type           Power      Damage    Failure   Level
 Apportation              Tloc           0%         N/A       43%         1
 Freeze                   Ice            0%         1d3       43%         1
 Necrotize                Necr           0%         1d4       43%         1
 Summon Small Mammal      Summ           0%         N/A       43%         1
 Frozen Ramparts          Ice            0%         1d2       82%         3
 Hailstorm                Conj/Ice       0%         3d3       99%         4


Dungeon Overview and Level Annotations

Branches:
Dungeon (5/15) Zot: 1954
 Temple: D:4-7

Altars:


Innate Abilities, Weirdness & Mutations

You passively map a small area around you.
You are easily found by Zot.
You glow in the dark.
You regain HP and MP as you explore.
You have sharp fingernails.
You have a pair of small horns on your head.
Your spells are a little easier to cast, but a little less powerful.


Message History

You block the killer bee's attack. The killer bee closely misses you. x2
The scorpion barely misses you.
It was a potion of mutation.
You feel extremely strange.
Your connection to magic feels subdued.
Your fingernails lengthen.
A pair of horns grows on your head!
Your +0 helmet falls away!
The killer bee stings you but does no damage.
You block the killer bee's attack.
The killer bee stings you but does no damage.
The killer bee closely misses you.
The scorpion stings you but does no damage.
The killer bee stings you but does no damage.
The killer bee closely misses you. The killer bee stings you.
* * * LOW HITPOINT WARNING * * *
You are poisoned.
The killer bee poisons you! The killer bee barely misses you.
It was a potion of heal wounds.
You feel much better.
You feel sick. The killer bee stings you. x2
The killer bee stings you but does no damage.
The killer bee stings you.
The scorpion stings you but does no damage.
The killer bee closely misses you. You block the killer bee's attack.
The killer bee misses you. The killer bee closely misses you.
You feel sick.
The killer bee stings you but does no damage.
The killer bee barely misses you. x2; The killer bee stings you.
You block the scorpion's attack. The killer bee stings you.
* * * LOW HITPOINT WARNING * * *
The killer bee barely misses you. The killer bee stings you!
* * * LOW HITPOINT WARNING * * *
The killer bee stings you.
* * * LOW HITPOINT WARNING * * *
You climb upwards.
* * * LOW HITPOINT WARNING * * *
You feel sick.
There is a stone staircase leading down here.
You hit the scorpion but do no damage.
The scorpion is almost dead.
You hit the killer bee. You barely miss the killer bee.
You hit the killer bee. x2
You die...

........##.#####..#
......<.##...## ..#
........#.....#.#.#
................#.#
...............##.#
.......#.......##.#
..............###.######
######.........#yy#....#
##........s@y..##
##........y.....##
#...†)...........#
#................#
#................#
#................#
#................#
#................#
##...[..........##


You could see a scorpion and 4 killer bees.

Vanquished Creatures
  A hound (D:4)
  Ijyb (D:4)
  An orc wizard (D:3)
  Robin (D:2)
  2 adders (D:4)
  A worm (D:4)
  3 orcs
  4 endoplasms
  A giant cockroach (D:3)
  19 goblins
  7 hobgoblins
  3 jackals (D:2)
  A kobold (D:4)
  A quokka (D:3)
  A ball python (D:3)
  8 rats
55 creatures vanquished.

Notes
Turn   | Place    | Note
-------+----------+-------------------------------------------
     0 | D:1      | testman the Meteoran Fighter began the quest for the Orb.
     0 | D:1      | Reached XP level 1. HP: 19/19 MP: 2/2
    48 | D:1      | Reached XP level 2. HP: 12/26 MP: 3/3
   407 | D:2      | Noticed Robin
   416 | D:2      | Reached XP level 3. HP: 18/31 MP: 4/4
   452 | D:2      | Killed Robin
   453 | D:2      | Reached skill level 4 in Fighting
   453 | D:2      | Reached XP level 4. HP: 18/40 MP: 5/5
   717 | D:3      | Reached XP level 5. HP: 47/47 MP: 6/6
   804 | D:4      | Identified the +6 hunting sling of the Mouth {vorpal, Drain
                  | rElec Str+6 Stlth+}
   866 | D:4      | Noticed Ijyb
   888 | D:4      | Killed Ijyb
   941 | D:4      | Reached XP level 6. HP: 38/55 MP: 7/7
   949 | D:4      | Reached skill level 5 in Fighting
   970 | D:5      | Entered Level 5 of the Dungeon
   978 | D:5      | Gained mutation: Your spells are a little easier to cast,
                  | but a little less powerful. [potion of mutation]
   978 | D:5      | Gained mutation: You have sharp fingernails. [potion of
                  | mutation]
   978 | D:5      | Gained mutation: You have a pair of small horns on your
                  | head. [potion of mutation]
   981 | D:4      | HP: 2/56 [poisoned by a killer bee]
   982 | D:4      | Succumbed to a killer bee's poison

Illustrated notes

Levels and vault maps discovered:
D:1:      saegor_arrival_simple_b, layout_loops_ring,
          shapermc_ecumenical_altar_mp_highgroup
D:2:      layout_basic, uniq_robin
D:3:      layout_rooms, kennysheep_generic_room_14
D:4:      layout_rooms, uniq_ijyb
D:5:      wander_guarded_unrand_ratskin, layout_basic, trog_three_pillars_becter

Skill      XL: |  1  2  3  4  5  6 |
---------------+-------------------+-----
Shields        | 4 |  4.0
Armour         | 4 |  4.0
Axes           | 3 4 |  4.7
Fighting       | 4 5 |  5.0

Action                   |  1- 3 |  4- 6 || total
-------------------------+-------+-------++-------
Melee: War axe           |    83 |    91 ||   174
  Use: Potion            |     3 |     2 ||     5
Armor: Scale mail        |    57 |    35 ||    92
       Leather armour    |       |    30 ||    30
Dodge: Dodged            |    45 |    52 ||    97
Block: Buckler           |    18 |    32 ||    50

Table legend: (Time is in decaauts)
 A = Elapsed time spent in this place.
 B = Non-inter-level travel time spent in this place.
 C = Inter-level travel time spent in this place.
 D = Time resting spent in this place.
 E = Time spent auto-exploring this place.
 F = Levels seen in this place.
 G = Mean time per level.
                   A        B        C        D        E       F      G
               +--------+--------+--------+--------+--------+-----+--------+
         Total |   1045 |   1016 |     29 |      0 |    471 |   5 |  209.0 |
       Dungeon |   1045 |   1016 |     29 |      0 |    471 |   5 |  209.0 |
               +--------+--------+--------+--------+--------+-----+--------+

Top non-repeatable levels by time:
     D:2: 450 daAuts
     D:4: 246 daAuts
     D:1: 176 daAuts
     D:3: 159 daAuts
     D:5: 12 daAuts
